 Dungeon Crawl Stone Soup version 0.31.0-9-g3a7656b989 (webtiles) character file.

Game seed: 9169307245337903731

296 qw the Shooter (level 5, -1/41 HPs)
             Began as a Demigod Hunter on Feb 2, 2024.
             Incinerated by a bombardier beetle (4 damage)
             ... with a burning spray
             ... on level 5 of the Dungeon.
             The game lasted 00:00:11 (3160 turns).

qw the Shooter (Demigod Hunter)                     Turns: 3160, Time: 00:00:12

Health: -1/41      AC:  8    Str: 11 (12) XL:     5   Next: 86%
Magic:  7/7        EV: 14    Int: 10 (11) God:
Gold:   257        SH:  0    Dex: 27 (28) Spells: 4/4 levels left

rFire   . . .        a - +0 shortbow
rCold   + . .        (shield currently unavailable)
rNeg    . . .        o - +2 leather armour of the Morning {Dex+7}
rPois   .            (no helmet)
rElec   .            d - +0 cloak
rCorr   +            j - +1 pair of gloves
SInv    .            (no boots)
Will    .....        (no amulet)
Stlth   +            e - ring of resist corrosion
HPRegen 0.26/turn    k - ring of protection from cold
MPRegen 0.10/turn

%: no passive effects
@: on fire, glowing
A: high MP 1, forlorn, divine attributes
a: no special abilities


You were on level 5 of the Dungeon.
You visited 1 branch of the dungeon, and saw 5 of its levels.

You collected 257 gold pieces.


Innate Abilities, Weirdness & Mutations

You have an increased reservoir of magic. (+10% MP)
You shall have no god before yourself.
Your divine heritage dramatically boosts your attributes as you level up.


   Skills:
 + Level 2.0 Fighting
 - Level 6.0 Ranged Weapons
 - Level 1.0 Armour
 - Level 3.1 Dodging
 - Level 0.8 Stealth


You had 4 spell levels left.
You didn't know any spells.
Your spell library was empty.

Inventory:

Hand Weapons
 a - a +0 shortbow (weapon)
Armour
 d - a +0 cloak (worn)
 j - a +1 pair of gloves (worn)
 o - the +2 leather armour of the Morning (worn) {Dex+7}
   (You found it on level 3 of the Dungeon)

   Dex+7:     It affects your dexterity (+7).
Jewellery
 e - a ring of resist corrosion (left hand)
 k - a ring of protection from cold (right hand)
 l - a ring of fire
Wands
 h - a wand of charming (19)
Scrolls
 b - a scroll of teleportation
 f - a scroll of identify
Potions
 c - 2 potions of resistance
 g - a potion of enlightenment
 i - a potion of curing
 n - a potion of brilliance {unknown}
 p - a potion of heal wounds {unknown}

Dungeon Overview and Level Annotations

Branches:
Dungeon (5/15)
 Temple: D:4-7

Shops:
D:3 (

Annotations:
D:5 3 runed translucent doors, qw's ghost, novice DjHu


Message History

The centaur is almost dead.
The bombardier beetle waves its antennae.
The centaur unwields a +0 orcbow.
The centaur closely misses you.
The centaur kicks you but does no damage.
You shoot an arrow. The arrow hits the centaur!
You kill the centaur!
You feel your intelligence returning.
You shoot an arrow.
The arrow barely misses the bombardier beetle.
You shoot an arrow. The arrow hits the bombardier beetle.
The bombardier beetle is heavily wounded.
The bombardier beetle bites you but does no damage.
You shoot an arrow. The arrow hits the bombardier beetle.
The bombardier beetle is severely wounded.
The bombardier beetle bites you but does no damage.
You shoot an arrow. The arrow hits the bombardier beetle.
The bombardier beetle is severely wounded.
You shoot an arrow. The arrow hits the bombardier beetle.
The bombardier beetle is almost dead.
The bombardier beetle sprays incendiary fluid at you.
The burning spray hits you.
You are covered in liquid fire!
You shoot an arrow.
The arrow closely misses the bombardier beetle.
The liquid fire burns you!
The bombardier beetle bites you but does no damage.
You shoot an arrow. The arrow hits the bombardier beetle.
You kill the bombardier beetle!
The liquid fire burns you!
You feel your strength returning.
Your Ranged Weapons skill increases to level 6!
You are on fire!
The liquid fire burns you!
You are on fire!
The liquid fire burns you!
You are on fire!
The liquid fire burns you!
You are on fire!
The liquid fire burns you!
You die...

# .#.. # ... # ...
#.## ..# #... #.#
#### # #.#
#####.#####.#
##########
......)@....#
#.........
########.##.#
#.######## ####.# #.#
#.# #.#
#..o..o.......#.###.#
#.#8#..8..#8#.#...#.#
#.###.....###.#.#.#.#
#..o.#####....#.....#
#ooooW[......o#.#.###


There were no monsters in sight!

Vanquished Creatures
  A centaur (D:5)
  A bombardier beetle (D:5)
  2 iguanas (D:4)
  6 adders
  4 dart slugs
  5 orcs
  3 endoplasms (D:1)
  2 giant cockroaches
  12 goblins
  4 hobgoblins
  6 jackals
  6 kobolds
  4 quokkas
  2 ball pythons (D:2)
  5 bats
  A frilled lizard (D:3)
  2 rats
66 creatures vanquished.

Notes
Turn   | Place    | Note
-------+----------+-------------------------------------------
     0 | D:1      | qw the Demigod Hunter began the quest for the Orb.
     0 | D:1      | Reached XP level 1. HP: 17/17 MP: 3/3
     0 | D:1      | 0 ||| qw: Version: 0.3-a-155-g5e7d8dd
     0 | D:1      | 0 ||| qw: Game counter: 356
     0 | D:1      | 0 ||| qw: Melee chars always use a shield: true
     0 | D:1      | 0 ||| qw: God list: Okawaru
     0 | D:1      | 0 ||| qw: Allow faded altars: false
     0 | D:1      | 0 ||| qw: Do Orc after clearing Dungeon:15 true
     0 | D:1      | 0 ||| qw: Do second Lair branch before Depths: true
     0 | D:1      | 0 ||| qw: Lair rune preference: random
     0 | D:1      | 0 ||| qw: Goals: Normal
     0 | D:1      | 0 ||| PLANNING D:1-11
   153 | D:1      | Reached skill level 4 in Ranged Weapons
   182 | D:1      | Reached XP level 2. HP: 24/24 MP: 4/4
   709 | D:1      | 709 ||| UPGRADING to +0 cloak.
   714 | D:1      | 714 ||| UPGRADING to +0 ring mail.
   724 | D:1      | 724 ||| DROPPING +0 leather armour.
   725 | D:1      | 725 ||| DROPPING scroll of butterflies.
   773 | D:2      | Reached XP level 3. HP: 29/29 MP: 5/5
   963 | D:2      | Reached skill level 5 in Ranged Weapons
  1174 | D:2      | Reached skill level 1 in Armour
  1201 | D:2      | Reached XP level 4. HP: 36/36 MP: 6/6
  1466 | D:2      | 1466 ||| UPGRADING to +1 pair of gloves.
  1471 | D:2      | 1471 ||| READING scroll labelled YMOOPN SICHUJ.
  1472 | D:2      | 1472 ||| READING scroll labelled MISOT DOBLAEX.
  1536 | D:2      | 1536 ||| READING scroll labelled XAH LUJESTREQ.
  1537 | D:2      | 1537 ||| READING scroll labelled OGOMIA RUBBUHA.
  1538 | D:2      | 1538 ||| READING scroll labelled UPESEOJ QIRYLI.
  1538 | D:2      | 1538 ||| IDENTIFYING coppery potion
  1539 | D:2      | 1539 ||| READING scroll labelled TUBBOR NIROIC.
  1542 | D:2      | 1542 ||| DRINKING 2 metallic sapphire potions.
  1543 | D:2      | 1543 ||| DROPPING potion of degeneration.
  1818 | D:3      | Found Julal's Antique Weapon Emporium.
  1990 | D:3      | Identified the +2 leather armour of the Morning {Dex+7}
  2227 | D:3      | 2227 ||| UPGRADING to +2 leather armour of the Morning
                  | {Dex+7}.
  2237 | D:3      | 2237 ||| DROPPING +0 ring mail.
  2238 | D:3      | 2238 ||| UPGRADING to ring of resist corrosion.
  2239 | D:3      | 2239 ||| UPGRADING to ring of protection from cold.
  2240 | D:3      | 2240 ||| READING 2 scrolls of identify.
  2240 | D:3      | 2240 ||| IDENTIFYING brown potion
  2241 | D:3      | 2241 ||| READING scroll of identify.
  2241 | D:3      | 2241 ||| IDENTIFYING white potion
  2242 | D:3      | 2242 ||| READING scroll labelled ITZAAGE ZIGACI.
  2273 | D:4      | 2273 ||| STAIRDANCE
  2874 | D:4      | Reached skill level 3 in Dodging
  2874 | D:4      | Reached XP level 5. HP: 41/41 MP: 7/7
  2875 | D:4      | 2875 ||| READING scroll of identify.
  2875 | D:4      | 2875 ||| IDENTIFYING fizzy golden potion
  2876 | D:4      | 2876 ||| READING scroll labelled BOATOTOGACK.
  2877 | D:4      | 2877 ||| READING scroll labelled LALASA LE FE ACI.
  2878 | D:4      | 2878 ||| DROPPING potion of invisibility.
  2896 | D:5      | Entered Level 5 of the Dungeon
  2972 | D:5      | Found a runed translucent gate.
  2973 | D:5      | Found a runed translucent gate.
  2974 | D:5      | Found a runed translucent gate.
  3040 | D:5      | Noticed qw's ghost (novice DjHu)
  3139 | D:5      | Noticed a centaur
  3149 | D:5      | Killed a centaur
  3157 | D:5      | Reached skill level 6 in Ranged Weapons
  3157 | D:5      | HP: 10/41 [burnt (5)]
  3159 | D:5      | HP: 3/41 [burnt (3)]
  3160 | D:5      | Incinerated by a bombardier beetle

Levels and vault maps discovered:
D:1:      heliophobic_arrival_henge, layout_basic, serial_forest,
          infiniplex_forest_lined_room_2, infiniplex_forest_lined_ring,
          infiniplex_forest_clump_small, infiniplex_forest_straight_2,
          infiniplex_forest_clump_large, infiniplex_forest_straight_3,
          infiniplex_forest_corner_2
D:2:      layout_loops_ring
D:3:      layout_loops_ring, overflow_temple_1_default, serial_shops,
          nicolae_shop_statue_plus
D:4:      layout_loops_cross
D:5:      layout_loops_ring, biasface_ghost_orc_armoury

Skill      XL: |  1  2  3  4  5 |
---------------+----------------+-----
Ranged Weapons | 4 5 6 |  6.0
Fighting       | 2 |  2.0
Armour         | 1 |  1.0
Dodging        | 3 |  3.1
Stealth        | |  0.8

Action                     |  1- 3 |  4- 6 || total
---------------------------+-------+-------++-------
   Fire: Shortbow          |   124 |    86 ||   210
    Use: Scroll            |       |    12 ||    12
         Potion            |       |     1 ||     1
 Armour: Leather armour    |    12 |    17 ||    29
         Ring mail         |    16 |    12 ||    28
  Dodge: Dodged            |    28 |    30 ||    58

Table legend:
 A = Non-vault XP
 B = Vault XP
 C = Vault XP percentage of total XP
 D = Non-vault monster count
 E = Vault monster count
 F = Vault count percentage of total count
                 A         B        C        D         E       F
            +---------+---------+-------+---------+---------+-------
      Total |     423 |       0 |   0.0 |      66 |       0 |   0.0
            +---------+---------+-------+---------+---------+-------
        D:1 |      44 |       0 |   0.0 |      21 |       0 |   0.0
        D:2 |      74 |       0 |   0.0 |      23 |       0 |   0.0
        D:3 |      37 |       0 |   0.0 |       7 |       0 |   0.0
        D:4 |     104 |       0 |   0.0 |       9 |       0 |   0.0
        D:5 |     164 |       0 |   0.0 |       6 |       0 |   0.0
            +---------+---------+-------+---------+---------+-------
